 Dungeon Crawl Stone Soup version 0.32-a0-163-g159c032296 (webtiles) character file.

Game seed: 9080911484697000335

66 zeratav the Trooper (level 4, -2/49 HPs)
             Began as an Oni Warper on Feb 11, 2024.
             Slain by a gnoll
             ... wielding a +0 halberd
              (15 damage)
             ... on level 2 of the Dungeon.
             The game lasted 00:01:45 (1309 turns).

zeratav the Trooper (Oni Warper)                    Turns: 1309, Time: 00:01:46

Health: -2/49      AC:  3    Str: 17    XL:     4   Next: 15%
Magic:  7/7        EV:  9    Int: 14    God:
Gold:   74         SH:  0    Dex:  8    Spells: 7/7 levels left

rFire   . . .        a - +0 mace {mace}
rCold   . . .        (no shield)
rNeg    . . .        b - +0 robe
rPois   .            (helmet restricted)
rElec   .            (no cloak)
rCorr   .            (gloves unavailable)
SInv    .            (boots unavailable)
Will    .....        (no amulet)
Stlth   +            (no ring)
HPRegen 0.28/turn    (no ring)
MPRegen 0.10/turn

%: no passive effects
@: no status effects
A: large, unfitting armour, horns 1, tough skin 1, double potion healing,
drunken brawling
a: no special abilities


You were on level 2 of the Dungeon.
You visited 1 branch of the dungeon, and saw 2 of its levels.

You collected 74 gold pieces.


Innate Abilities, Weirdness & Mutations

You are too large for most types of armour.
You have a pair of small horns on your head.
You have tough skin. (AC +1)
You gain doubled healing and magic from potions.
Whenever you drink a healing potion, you attack all around you.


   Skills:
 + Level 4.4 Fighting
 + Level 3.3 Maces & Flails
 - Level 1.0 Throwing
 - Level 2.1 Dodging
 - Level 2.4 Spellcasting
 - Level 2.6 Translocations


You had 7 spell levels left.
You didn't know any spells.
Your spell library contained the following spells:

 Spells                   Type           Power      Damage    Failure   Level
 Blink                    Tloc           18%        N/A       12%         2
 Lesser Beckoning         Tloc           18%        N/A       12%         2
 Summon Small Mammal      Summ           4%         N/A       22%         1
 Teleport Other           Tloc           9%         N/A       22%         3
 Call Canine Familiar     Summ           1%         N/A       56%         3
 Manifold Assault         Tloc           9%         N/A       58%         4
 Vhi's Electric Charge    Tloc/Air       10%        N/A       78%         4
 Summon Blazeheart Golem  Fire/Summ      1%         N/A       92%         4
 Alistair's Intoxication  Alch           0%         N/A       99%         5
 Borgnjor's Vile Clutch   Necr/Erth      0%         N/A       99%         5
 Eringya's Noxious Bog    Alch           0%         4d6       100%        6

Inventory:

Hand Weapons
 a - a +0 mace (weapon) {mace}
Missiles
 d - 7 darts of dispersal (quivered) {=fthrowing}
Armour
 b - a +0 robe (worn)
Scrolls
 c - 7 scrolls of blinking {!r}
 g - a scroll of poison {unknown}
 h - a scroll of enchant weapon {unknown}
 i - 2 scrolls of identify {unknown}
 j - a scroll of fear {unknown}
 l - a scroll of silence {unknown}
Potions
 e - 2 potions of lignification {unknown}
 f - a potion of haste {unknown}
 k - a potion of curing {unknown}
 m - a potion of mutation {unknown}

Dungeon Overview and Level Annotations

Branches:
Dungeon (2/15) Zot: 10659

Altars:

############## ####
##.....##.....##
....##..............## ##
#..................# ..
###................# .# #
#..†.............# .#
.#######...<...)........#
.###..#........)@...........#
.#... ....##.....g..........#
>#.######......^...........##
...................##.....##
...>.#######........#######
..S#...# ##..######
.#....g######..#
#####g......#..#
#####......##


You could see a gnoll.


Message History

You take 1 damage, and now have 9/39 hp.
You hit the gnoll.
You kill the gnoll!
HP[+1]
You start resting.
HP[+29]
Your hp is fully restored (39).
There is a stone staircase leading down here.
You climb downwards.
There is a stone staircase leading up here.
There is a stone staircase leading up here.
You hit the goblin but do no damage. The goblin hits you with a +0 dagger.
HP[-3]
You take 3 damage, and now have 36/39 hp.
You barely miss the goblin. The goblin hits you but does no damage.
You hit the goblin.
You kill the goblin!
You have reached level 4!
HP[+9] MP[+1]
You now have 48 max hp (+9).
You regained 9 hp, and now have 45/48 hp.
Your mp is fully restored (7).
You start resting.
HP[+3]
Your hp is fully restored (48).
There is a stone staircase leading up here.
The adder enters a dispersal trap!
You blink.
The adder blinks!
You barely miss the adder. The adder closely misses you. The adder bites you.
You are poisoned.
The adder poisons you!
HP[-2]
You take 2 damage, and now have 46/48 hp.
You barely miss the adder.
You feel very sick. The adder bites you.
The adder bites you but does no damage.
HP[-4]
You take 4 damage, and now have 42/48 hp.
You hit the adder but do no damage.
You feel sick. The adder bites you but does no damage.
HP[-1]
You take 1 damage, and now have 41/48 hp.
You barely miss the adder. Your headbutt misses the adder.
You feel sick. The adder closely misses you.
The adder bites you but does no damage.
You hit the adder but do no damage.
You feel sick. The adder bites you.
HP[-4]
You take 4 damage, and now have 37/48 hp.
You barely miss the adder. You headbutt the adder!
You feel sick.
You are no longer poisoned.
The adder barely misses you. The adder closely misses you.
HP[-1]
You take 1 damage, and now have 36/48 hp.
You barely miss the adder. The adder bites you.
HP[-2]
You take 2 damage, and now have 34/48 hp.
You miss the adder. Your headbutt misses the adder. The adder bites you.
The adder closely misses you.
HP[-3]
You take 3 damage, and now have 31/48 hp.
You hit the adder.
You kill the adder!
HP[+1]
You now have 49 max hp (+1).
You see here an adder corpse.
HP[+1]
You start resting.
A gnoll is nearby!
HP[+13]
You regained 13 hp, and now have 46/49 hp.
The gnoll shouts!
There is a stone staircase leading up here.
Press: ? - help, v - describe, . - travel
Here: a gnoll, wielding a +0 halberd The floor.
HP[+1]
The gnoll enters a dispersal trap!
You blink.
The gnoll blinks!
The gnoll hits you from afar with a +0 halberd!
There is a stone staircase leading up, spattered with blood here.
HP[-8]
You take 8 damage, and now have 39/49 hp.
The gnoll hits you with a +0 halberd.
HP[-3]
You take 3 damage, and now have 36/49 hp.
You hit the gnoll. The gnoll hits you with a +0 halberd.
HP[-2]
You take 2 damage, and now have 34/49 hp.
You hit the gnoll. The gnoll hits you with a +0 halberd!
HP[-8]
You take 8 damage, and now have 26/49 hp.
You sock the gnoll! You headbutt the gnoll. The gnoll barely misses you.
The gnoll hits you with a +0 halberd!
* * * LOW HITPOINT WARNING * * *
HP[-13]
You take 13 damage, and now have 13/49 hp.
MASSIVE DAMAGE!! (PAUSE)
You hit the gnoll but do no damage. The gnoll hits you with a +0 halberd!
You die...

Skill      XL: |  1  2  3 |
---------------+----------+-----
Fighting       | 3 4 |  4.4
Maces & Flails | 3 |  3.3
Throwing       | |  1.0
Dodging        | |  2.1
Spellcasting   | |  2.4
Translocations | |  2.6

Action                     |  1- 3 |  4- 6 || total
---------------------------+-------+-------++-------
  Melee: Mace              |   100 |    13 ||   113
         Headbutt          |    13 |     2 ||    15
   Stab: Sleeping          |     1 |       ||     1
 Armour: Robe              |    73 |    14 ||    87
  Dodge: Dodged            |    54 |     6 ||    60

Levels and vault maps discovered:
D:1:      minmay_arrival_five_plusses, layout_basic
D:2:      layout_rooms, uniq_sigmund

Notes
Turn   | Place    | Note
-------+----------+-------------------------------------------
     0 | D:1      | zeratav the Oni Warper began the quest for the Orb.
     0 | D:1      | Reached XP level 1. HP: 22/22 MP: 3/3
     0 | D:1      | magus.rc [v1.9.6]
    70 | D:1      | Reached skill level 3 in Fighting
   140 | D:1      | Reached XP level 2. HP: 20/31 MP: 5/5
   145 | D:1      | HP: 3/31 [kobold/+0 whip (5)]
   257 | D:1      | You add the spells Alistair's Intoxication, Borgnjor's Vile
                  | Clutch and Eringya's Noxious Bog to your library.
   458 | D:1      | You pick up a book of Callings and begin reading...
   458 | D:1      | You add the spells Summon Small Mammal, Call Canine
                  | Familiar and Summon Blazeheart Golem to your library.
   567 | D:1      | Reached XP level 3. HP: 39/39 MP: 6/6
  1003 | D:2      | Reached skill level 3 in Maces & Flails
  1046 | D:2      | Reached skill level 4 in Fighting
  1087 | D:1      | HP: 9/39 [gnoll/+0 whip (1)]
  1225 | D:2      | Reached XP level 4. HP: 45/48 MP: 7/7
  1309 | D:2      | Slain by a gnoll

Vanquished Creatures
  2 adders (D:2)
  A gnoll (D:1)
  A dart slug (D:1)
  An endoplasm (D:1)
  A giant cockroach (D:1)
  5 goblins
  7 hobgoblins
  3 ball pythons
  2 bats (D:1)
  5 frilled lizards (D:1)
  5 kobolds (D:1)
  3 rats (D:1)
36 creatures vanquished.

Table legend:
 A = Non-vault XP
 B = Vault XP
 C = Vault XP percentage of total XP
 D = Non-vault monster count
 E = Vault monster count
 F = Vault count percentage of total count
                 A         B        C        D         E       F
            +---------+---------+-------+---------+---------+-------
      Total |      95 |       0 |   0.0 |      36 |       0 |   0.0
            +---------+---------+-------+---------+---------+-------
        D:1 |      62 |       0 |   0.0 |      30 |       0 |   0.0
        D:2 |      33 |       0 |   0.0 |       6 |       0 |   0.0
            +---------+---------+-------+---------+---------+-------

Skill      XL: |  1  2  3 |
---------------+----------+-----
Fighting       | 3 4 |  4.4
Maces & Flails | 3 |  3.3
Throwing       | |  1.0
Dodging        | |  2.1
Spellcasting   | |  2.4
Translocations | |  2.6

Action                     |  1- 3 |  4- 6 || total
---------------------------+-------+-------++-------
  Melee: Mace              |   100 |    13 ||   113
         Headbutt          |    13 |     2 ||    15
   Stab: Sleeping          |     1 |       ||     1
 Armour: Robe              |    73 |    14 ||    87
  Dodge: Dodged            |    54 |     6 ||    60

Illustrated notes

Table legend:
 A = Kills in this place as a percentage of kills in the entire game.
 B = Kills by you in this place as a percentage of kills by you in the entire game.
 C = Kills by friends in this place as a percentage of kills by friends in the entire game.
 D = Other kills in this place as a percentage of other kills in the entire game.
 E = Experience gained in this place as a percentage of experience gained in the entire game.
 F = Experience gained in this place divided by the number of levels of this place that you have seen.
                   A       B       C       D       E      F
               +-------+-------+-------+-------+-------+----------------------
         Total | 100.0 | 100.0 |   N/A |   N/A | 100.0 |  47.5
       Dungeon | 100.0 | 100.0 |   N/A |   N/A | 100.0 |  47.5
               +-------+-------+-------+-------+-------+----------------------

Table legend: (Time is in decaauts)
 A = Elapsed time spent in this place.
 B = Non-inter-level travel time spent in this place.
 C = Inter-level travel time spent in this place.
 D = Time resting spent in this place.
 E = Time spent auto-exploring this place.
 F = Levels seen in this place.
 G = Mean time per level.
                   A        B        C        D        E       F      G
               +--------+--------+--------+--------+--------+-----+--------+
         Total |   1339 |   1284 |     55 |    275 |    690 |   2 |  669.5 |
       Dungeon |   1339 |   1284 |     55 |    275 |    690 |   2 |  669.5 |
               +--------+--------+--------+--------+--------+-----+--------+

Top non-repeatable levels by time:
     D:1: 1043 daAuts
     D:2: 295 daAuts
